 Dungeon Crawl Stone Soup version 0.28-a0-1567-g1695149f81 (webtiles) character file.

Game seed: 15605385411681945663

520 buddhastalin the Sneak (level 7, 0/43 HPs)
             Began as a Kobold Brigand on Jan 19, 2022.
             Slain by a goblin (2 damage)
             ... on level 4 of the Dungeon.
             The game lasted 00:06:41 (6044 turns).

buddhastalin the Sneak (Kobold Brigand)             Turns: 6044, Time: 00:06:42

Health: 0/43       AC: 11    Str:  8    XL:     7   Next: 45%
Magic:  7/7        EV: 16    Int: 14    God:
Gold:   143        SH:  0    Dex: 17    Spells: 6/6 levels left

rFire   . . .      SeeInvis .   f - +1 short sword (protect)
rCold   . . .      Faith    .   (no shield)
rNeg    . . .      Spirit   .   b - +0 robe
rPois   +          Reflect  .   m - +0 helmet
rElec   .          Harm     .   c - +0 cloak
rCorr   .          Rampage  .   (no gloves)
Will    .....                   (no boots)
Stlth   +++++.....              (no amulet)
HPRegen 0.14/turn               n - ring of poison resistance
MPRegen 0.10/turn               (no ring)

@: under a protective aura
A: small, no large weapons, nightstalker 3
a: no special abilities


You were on level 4 of the Dungeon.
You visited 1 branch of the dungeon, and saw 4 of its levels.

You collected 143 gold pieces.

Inventory:

Hand Weapons
 a - a +2 dagger
 f - a +1 short sword of protection (weapon)
Missiles
 d - 19 poisoned darts (quivered)
Armour
 b - a +0 robe (worn)
 c - a +0 cloak (worn)
 m - a +0 helmet (worn)
Jewellery
 n - a ring of poison resistance (left hand)
Wands
 o - a wand of iceblast (7)
Scrolls
 g - a scroll of fear {unknown}
 h - a scroll of enchant weapon {unknown}
 i - 3 scrolls of identify
 j - a scroll of enchant armour {unknown}
 k - 2 scrolls of amnesia
 l - a scroll of vulnerability {unknown}
 q - a scroll of blinking {unknown}
 r - a scroll of noise {unknown}
Potions
 p - a potion of flight


   Skills:
 + Level 4.2 Fighting
 * Level 6.6 Short Blades
 - Level 2.1 Throwing
 + Level 4.0 Dodging
 + Level 7.1 Stealth


You had 6 spell levels left.
You didn't know any spells.
Your spell library contained the following spells:

 Spells                   Type           Power      Damage    Failure   Level
 Magic Dart               Conj           0%         1d3       28%         1
 Searing Ray              Conj           0%         2d4       41%         2
 Fulminant Prism          Conj/Hex       0%         3d6       96%         4


Dungeon Overview and Level Annotations

Branches:
Dungeon (4/15)
 Temple: D:4-7

Altars:
Sif Muna
Yredelemnul


Innate Abilities, Weirdness & Mutations

You are small and have problems with some larger weapons.
You are completely attuned to the shadows.


Message History

The goblin barely misses you. The orc warrior completely misses you.
You barely miss the orc warrior.
The orc warrior is heavily wounded.
The goblin completely misses you.
You barely miss the orc warrior.
The orc warrior is heavily wounded.
The orc warrior closely misses you. The goblin misses you.
You hit the orc warrior but do no damage.
The orc warrior is heavily wounded.
You hit the orc warrior but do no damage.
The orc warrior is heavily wounded.
The orc warrior is no longer moving slowly.
The goblin hits you but does no damage.
The orc warrior hits you but does no damage.
You hit the orc warrior but do no damage.
The orc warrior is heavily wounded.
The goblin hits you but does no damage.
The orc warrior hits you with a +0 war axe!
You are too injured to fight recklessly!
You are too injured to fight recklessly!
Throw: 20 darts (poison)
Press: ? - help, Q - select action, (/) - cycle Shift-Dir - straight line, f/p - orc warrior
Aim: an orc warrior, wielding a +0 war axe and wearing a +0 chain mail (severely wounded, poisoned, 60% to hit)
You throw a poisoned dart. The poisoned dart hits the orc warrior.
The orc warrior looks even sicker.
The orc warrior is severely wounded.
The goblin closely misses you.
The orc warrior hits you with a +0 war axe.
* * * LOW HITPOINT WARNING * * *
You hit the orc warrior but do no damage.
The orc warrior is severely wounded.
The goblin hits you but does no damage.
You barely miss the orc warrior.
The orc warrior is severely wounded.
The orc warrior hits you with a +0 war axe!
* * * LOW HITPOINT WARNING * * *
You hit the orc warrior but do no damage.
The orc warrior is severely wounded.
The goblin hits you with a +0 dagger.
You die...

...#.#.#..##.# #..# #....#
.#.#.###..##.# #..##.####
..........##.# #..#.#
.##..###.###.#.. ##...#
)##.>.##.# #.#..# ##..###
.##...##.# #.##(.## ##..##
..'......###.#K#..###..#.#
.##...#...##.##o#g.#..#.##
.######...##.# #@#...#.#.#
......'...'..# ###########
#######...#### #...# #####


You could see an orc warrior (very poisoned), a goblin and a kobold.

Vanquished Creatures
  Sigmund (D:3)
  2 hounds
  An orc priest (D:4)
  Ijyb (D:3)
  3 iguanas (D:4)
  An orc wizard (D:4)
  4 adders
  An adder skeleton (D:4)
  A worm (D:3)
  4 dart slugs
  5 orcs
  5 ball pythons
  3 bats
  13 endoplasms
  5 giant cockroaches
  5 goblins
  12 hobgoblins
  4 jackals (D:2)
  2 quokkas
  3 frilled lizards (D:1)
  6 kobolds
  5 rats
87 creatures vanquished.

Notes
Turn   | Place    | Note
-------+----------+-------------------------------------------
     0 | D:1      | buddhastalin the Kobold Brigand began the quest for the
                  | Orb.
     0 | D:1      | Reached XP level 1. HP: 12/12 MP: 1/1
   133 | D:1      | Reached XP level 2. HP: 18/18 MP: 2/2
   645 | D:1      | Reached XP level 3. HP: 11/22 MP: 3/3
  1704 | D:2      | Found a faded altar of an unknown god.
  1722 | D:2      | Reached XP level 4. HP: 27/27 MP: 4/4
  2087 | D:2      | Reached skill level 6 in Stealth
  2185 | D:2      | Reached XP level 5. HP: 32/32 MP: 5/5
  3499 | D:3      | Noticed Sigmund
  3515 | D:3      | Killed Sigmund
  3516 | D:3      | Reached skill level 5 in Short Blades
  3516 | D:3      | Reached XP level 6. HP: 25/38 MP: 6/6
  4060 | D:3      | Noticed Ijyb
  4071 | D:3      | Killed Ijyb
  4266 | D:4      | Reached XP level 7. HP: 22/42 MP: 7/7
  4272 | D:4      | HP: 2/42 [orc priest/divine providence (12)]
  5318 | D:4      | Reached skill level 7 in Stealth
  5857 | D:4      | Found a basalt altar of Yredelemnul.
  5857 | D:4      | Found a shimmering blue altar of Sif Muna.
  6043 | D:4      | HP: 2/43 [orc warrior (8)]
  6044 | D:4      | Slain by a goblin

Illustrated notes

Levels and vault maps discovered:
D:1:      shiori_arrival_oz, layout_basic
D:2:      mumra_celtic_spiral_tile, layout_basic, ebering_ecumenical_altar_webs
D:3:      layout_basic, kennysheep_generic_room_3, uniq_ijyb, uniq_sigmund
D:4:      minmay_diamond_boxcup, layout_basic, gammafunk_temple_overflow_wave,
          dk_rats_in_the_wall

Skill      XL: |  1  2  3  4  5  6  7 |
---------------+----------------------+-----
Short Blades   | 3 4 5 6 |  6.6
Dodging        | 2 3 4 |  4.0
Fighting       | 3 4 |  4.2
Stealth        | 6 7 |  7.1
Throwing       | |  2.1

Action                   |  1- 3 |  4- 6 |  7- 9 || total
-------------------------+-------+-------+-------++-------
Melee: Dagger            |   107 |   153 |    74 ||   334
       Punch             |     2 |     1 |     1 ||     4
       Short sword       |       |       |    41 ||    41
Throw: Dart              |       |     6 |     7 ||    13
Evoke: Wand              |       |     1 |     4 ||     5
  Use: Scroll            |       |     1 |     3 ||     4
       Potion            |       |       |     3 ||     3
 Stab: Sleeping          |    15 |    14 |     6 ||    35
       Distracted        |     1 |     1 |     1 ||     3
       Paralysed         |       |     1 |     2 ||     3
Armor: Robe              |    11 |    21 |    11 ||    43
Dodge: Dodged            |    56 |    95 |    57 ||   208

Table legend: (Time is in decaauts)
 A = Elapsed time spent in this place.
 B = Non-inter-level travel time spent in this place.
 C = Inter-level travel time spent in this place.
 D = Time resting spent in this place.
 E = Time spent auto-exploring this place.
 F = Levels seen in this place.
 G = Mean time per level.
                   A        B        C        D        E       F      G
               +--------+--------+--------+--------+--------+-----+--------+
         Total |   5953 |   5800 |    153 |   2707 |   2419 |   4 | 1488.2 |
       Dungeon |   5953 |   5800 |    153 |   2707 |   2419 |   4 | 1488.2 |
               +--------+--------+--------+--------+--------+-----+--------+

Top non-repeatable levels by time:
     D:3: 1852 daAuts
     D:1: 1532 daAuts
     D:4: 1453 daAuts
     D:2: 1115 daAuts
